TOP OF THE 1ST |
Aberdeen Ironbirds batting - Pitching for Chicago (NYP) White Sox : RHP Travis Stump
|
Pitching: RHP Travis Stump
|
|
Batting: RHB Jeremy Sipe
|
0-0: Ball 1-0: Ball 2-0: Ball 3-0: Foul Ball, location: 2F 3-1: Foul Ball, location: 2F 3-2: Foul Ball, location: 2F 3-2: Strikes out swinging
|
Batting: RHB Fernando Bravo
|
0-0: Ball 1-0: Foul Ball, location: 2F 1-1: Ball 2-1: Foul Ball, location: 2F 2-2: Strikes out swinging
|
Batting: LHB Tim Mulholland
|
0-0: Foul Ball, location: 2F 0-1: Ball 1-1: Called Strike 1-2: Foul Ball, location: 2F 1-2: Ground out 5-3 (Groundball, 56S, EV 71.9 MPH)
|
Top of the 1st over - 0 runs, 0 hits, 0 errors, 0 left on base; Aberdeen 0 - Chicago (NYP) 0 |
BOTTOM OF THE 1ST |
Chicago (NYP) White Sox batting - Pitching for Aberdeen Ironbirds : RHP Jonathan Spicer
|
Pitching: RHP Jonathan Spicer
|
|
Batting: LHB Adam Tarbutton
|
0-0: Ball 1-0: Foul Ball, location: 2F 1-1: Called Strike 1-2: Strikes out swinging
|
Batting: RHB Mark Jones
|
0-0: Ball 1-0: Called Strike 1-1: Swinging Strike 1-2: Ball 2-2: Strikes out swinging
|
Batting: LHB Josh Pittman
|
0-0: Called Strike 0-1: Ball 1-1: Foul Ball, location: 2F 1-2: Foul Ball, location: 2F 1-2: Ball 2-2: Ground out 6-3 (Groundball, 6, EV 106.2 MPH)
|
Bottom of the 1st over - 0 runs, 0 hits, 0 errors, 0 left on base; Aberdeen 0 - Chicago (NYP) 0 |
TOP OF THE 2ND |
Aberdeen Ironbirds batting - Pitching for Chicago (NYP) White Sox : RHP Travis Stump
|
Batting: LHB Justin Alworth
|
0-0: Ball 1-0: Ball 2-0: Ball 3-0: Base on Balls
|
Batting: RHB Juan Estrada
|
0-0: Ball 1-0: Ball 2-0: Foul Ball, location: 2F 2-1: Grounds into double play, 5-4-3 (Groundball, 5, EV 98.8 MPH)
|
Batting: RHB Kaleb Yerger
|
0-0: Called Strike 0-1: Fly out, F4 (Line Drive, 4, EV 65.6 MPH)
|
Top of the 2nd over - 0 runs, 0 hits, 0 errors, 0 left on base; Aberdeen 0 - Chicago (NYP) 0 |
BOTTOM OF THE 2ND |
Chicago (NYP) White Sox batting - Pitching for Aberdeen Ironbirds : RHP Jonathan Spicer
|
Batting: LHB Ryan Dyal
|
0-0: Ball 1-0: Ball 2-0: Called Strike 2-1: Ball 3-1: Base on Balls
|
Batting: LHB Herkko Haavikko
|
0-0: Ball 1-0: Ball 2-0: Ball 3-0: Called Strike 3-1: Base on Balls Ryan Dyal to second
|
Batting: RHB Vic Lucatero
|
0-0: Ball 1-0: Swinging Strike 1-1: Ball 2-1: Ground out 5-3 (Groundball, 5L, EV 96.2 MPH) Ryan Dyal to third Herkko Haavikko to second
|
Batting: LHB Carlos Ramirez
|
0-0: Foul Ball, location: 2F 0-1: Called Strike 0-2: Ball 1-2: Strikes out looking
|
Batting: RHB Victor Orozco
|
0-0: Ball 1-0: Ball 2-0: Called Strike 2-1: Called Strike 2-2: Strikes out swinging
|
Bottom of the 2nd over - 0 runs, 0 hits, 0 errors, 2 left on base; Aberdeen 0 - Chicago (NYP) 0 |
TOP OF THE 3RD |
Aberdeen Ironbirds batting - Pitching for Chicago (NYP) White Sox : RHP Travis Stump
|
Batting: RHB Lee Deason
|
0-0: Ball 1-0: Ball 2-0: Ball 3-0: Called Strike 3-1: Foul Ball, location: 2F 3-2: Ground out 6-3 (Groundball, 6, EV 103.8 MPH)
|
Batting: SHB Tyler Myatt
|
0-0: Called Strike 0-1: Ball 1-1: Swinging Strike 1-2: Strikes out swinging
|
Batting: RHB Ryan Vest
|
0-0: Ball 1-0: Called Strike 1-1: Ball 2-1: SINGLE (Groundball, 4M, EV 104.4 MPH)
|
Batting: RHB Jeremy Sipe
|
0-0: Called Strike 0-1: SINGLE (Groundball, 6S, EV 66.9 MPH) (infield hit) Ryan Vest to second
|
Batting: RHB Fernando Bravo
|
0-0: Foul Ball, location: 2F 0-1: Ball 1-1: Ground out 4-3 (Groundball, 4, EV 106.2 MPH)
|
Top of the 3rd over - 0 runs, 2 hits, 0 errors, 2 left on base; Aberdeen 0 - Chicago (NYP) 0 |
BOTTOM OF THE 3RD |
Chicago (NYP) White Sox batting - Pitching for Aberdeen Ironbirds : RHP Jonathan Spicer
|
Batting: RHB Blake Kelly
|
0-0: Called Strike 0-1: Foul Ball, location: 2F 0-2: Ball 1-2: Strikes out swinging
|
Batting: LHB Adam Tarbutton
|
0-0: Ball 1-0: Ball 2-0: Ball 3-0: Base on Balls
|
Batting: RHB Mark Jones
|
0-0: Called Strike 0-1: Ball 1-1: Ball Adam Tarbutton is caught stealing 2nd base 2-4 2-1: Ground out 4-3 (Groundball, 4, EV 79.4 MPH)
|
Bottom of the 3rd over - 0 runs, 0 hits, 0 errors, 0 left on base; Aberdeen 0 - Chicago (NYP) 0 |
TOP OF THE 4TH |
Aberdeen Ironbirds batting - Pitching for Chicago (NYP) White Sox : RHP Travis Stump
|
Batting: LHB Tim Mulholland
|
0-0: Ball 1-0: Foul Ball, location: 2F 1-1: Called Strike 1-2: Strikes out looking
|
Batting: LHB Justin Alworth
|
0-0: Foul Ball, location: 2F 0-1: Foul Ball, location: 2F 0-2: Foul Ball, location: 2F 0-2: Ball 1-2: Ball 2-2: Ball 3-2: Base on Balls
|
Batting: RHB Juan Estrada
|
0-0: Ball 1-0: Ball 2-0: Swinging Strike 2-1: Ball 3-1: Base on Balls Justin Alworth to second
|
Batting: RHB Kaleb Yerger
|
0-0: Foul Ball, location: 2F 0-1: Foul Ball, location: 2F 0-2: Ball 1-2: Ball 2-2: Strikes out looking
|
Batting: RHB Lee Deason
|
0-0: Fly out, F9 (Line Drive, 9D, EV 93.8 MPH)
|
Top of the 4th over - 0 runs, 0 hits, 0 errors, 2 left on base; Aberdeen 0 - Chicago (NYP) 0 |
BOTTOM OF THE 4TH |
Chicago (NYP) White Sox batting - Pitching for Aberdeen Ironbirds : RHP Jonathan Spicer
|
Batting: LHB Josh Pittman
|
0-0: Ball 1-0: Called Strike 1-1: Swinging Strike 1-2: Ball 2-2: Ball 3-2: Strikes out swinging
|
Batting: LHB Ryan Dyal
|
0-0: Foul Ball, location: 2F 0-1: Ball 1-1: Called Strike 1-2: Strikes out swinging
|
Batting: LHB Herkko Haavikko
|
0-0: Ball 1-0: Called Strike 1-1: Ground out 4-3 (Groundball, 4, EV 87.5 MPH)
|
Bottom of the 4th over - 0 runs, 0 hits, 0 errors, 0 left on base; Aberdeen 0 - Chicago (NYP) 0 |
TOP OF THE 5TH |
Aberdeen Ironbirds batting - Pitching for Chicago (NYP) White Sox : RHP Travis Stump
|
Batting: SHB Tyler Myatt
|
0-0: Ball 1-0: Called Strike 1-1: Ball 2-1: Ground out 4-3 (Groundball, 4, EV 85.6 MPH)
|
Batting: RHB Ryan Vest
|
0-0: Ball 1-0: Called Strike 1-1: Ground out 3-1 (Groundball, 34S, EV 81.9 MPH)
|
Batting: RHB Jeremy Sipe
|
0-0: Called Strike 0-1: Fly out, F8 (Flyball, 78XD, EV 85.6 MPH)
|
Top of the 5th over - 0 runs, 0 hits, 0 errors, 0 left on base; Aberdeen 0 - Chicago (NYP) 0 |
BOTTOM OF THE 5TH |
Chicago (NYP) White Sox batting - Pitching for Aberdeen Ironbirds : RHP Jonathan Spicer
|
Batting: RHB Vic Lucatero
|
0-0: Ball 1-0: Called Strike 1-1: Ball 2-1: Foul Ball, location: 2F 2-2: Strikes out swinging
|
Batting: LHB Carlos Ramirez
|
0-0: Ball 1-0: Ball 2-0: Foul Ball, location: 2F 2-1: Ball 3-1: Foul Ball, location: 2F 3-2: Strikes out swinging
|
Batting: RHB Victor Orozco
|
0-0: Called Strike 0-1: Ball 1-1: Foul Ball, location: 2F 1-2: Strikes out swinging
|
Bottom of the 5th over - 0 runs, 0 hits, 0 errors, 0 left on base; Aberdeen 0 - Chicago (NYP) 0 |
TOP OF THE 6TH |
Aberdeen Ironbirds batting - Pitching for Chicago (NYP) White Sox : RHP Travis Stump
|
Batting: RHB Fernando Bravo
|
0-0: Called Strike 0-1: SINGLE (Line Drive, 4D, EV 94.4 MPH)
|
Batting: LHB Tim Mulholland
|
0-0: Swinging Strike 0-1: Hit by Pitch Fernando Bravo to second
|
Batting: LHB Justin Alworth
|
0-0: Ball 1-0: Foul Ball, location: 2F 1-1: Called Strike 1-2: Ball 2-2: Foul Ball, location: 2F 2-2: Strikes out swinging
|
Batting: RHB Juan Estrada
|
0-0: Ball 1-0: Reached on error, E5 (Groundball, 56S, EV 76.2 MPH) Fernando Bravo to third Tim Mulholland to second
|
Batting: RHB Kaleb Yerger
|
0-0: Swinging Strike 0-1: Ball 1-1: Swinging Strike 1-2: Ball 2-2: Ball 3-2: Strikes out swinging
|
Batting: RHB Lee Deason
|
0-0: Called Strike 0-1: Foul Ball, location: 2F 0-2: Ball 1-2: Ground out 5-3 (Groundball, 56S, EV 67.5 MPH)
|
Top of the 6th over - 0 runs, 1 hit, 1 error, 3 left on base; Aberdeen 0 - Chicago (NYP) 0 |
BOTTOM OF THE 6TH |
Chicago (NYP) White Sox batting - Pitching for Aberdeen Ironbirds : RHP Jonathan Spicer
|
Pitching: LHP Vinny Duarte
|
|
Batting: RHB Blake Kelly
|
0-0: Called Strike 0-1: Ball 1-1: Ball 2-1: Foul Ball, location: 2F 2-2: Ball 3-2: Strikes out looking
|
Batting: LHB Adam Tarbutton
|
0-0: Foul Ball, location: 2F 0-1: Ball 1-1: Called Strike 1-2: Foul Ball, location: 2F 1-2: Strikes out swinging
|
Batting: RHB Mark Jones
|
0-0: Ball 1-0: Ball 2-0: Called Strike 2-1: Ground out 6-3 (Groundball, 6S, EV 90.0 MPH)
|
Bottom of the 6th over - 0 runs, 0 hits, 0 errors, 0 left on base; Aberdeen 0 - Chicago (NYP) 0 |
TOP OF THE 7TH |
Aberdeen Ironbirds batting - Pitching for Chicago (NYP) White Sox : RHP Travis Stump
|
Pitching: RHP Jorge Aranda
|
|
Batting: SHB Tyler Myatt
|
0-0: Foul Ball, location: 2F 0-1: Foul Ball, location: 2F 0-2: Strikes out swinging
|
Pinch Hitting: LHB Tomas de Zeeuw
|
0-0: Fly out, F5 (Line Drive, 5, EV 71.9 MPH)
|
Batting: RHB Jeremy Sipe
|
0-0: Called Strike 0-1: Ball 1-1: Called Strike 1-2: Fly out, F7 (Flyball, 7S, EV 87.5 MPH)
|
Top of the 7th over - 0 runs, 0 hits, 0 errors, 0 left on base; Aberdeen 0 - Chicago (NYP) 0 |
BOTTOM OF THE 7TH |
Chicago (NYP) White Sox batting - Pitching for Aberdeen Ironbirds : LHP Vinny Duarte
|
Now at 3B: Jorge Brito
|
|
Batting: LHB Josh Pittman
|
0-0: Called Strike 0-1: Called Strike 0-2: Fly out, F8 (Flyball, 8LS, EV 84.4 MPH)
|
Batting: LHB Ryan Dyal
|
0-0: Ball 1-0: Called Strike 1-1: Called Strike 1-2: Ball 2-2: Foul Ball, location: 2F 2-2: Strikes out swinging
|
Batting: RHB Josiah Wright
|
0-0: SINGLE (Groundball, 4MD, EV 100.6 MPH)
|
Batting: RHB Vic Lucatero
|
0-0: Called Strike 0-1: Ball 1-1: Called Strike Josiah Wright is caught stealing 2nd base 2-4
|
Bottom of the 7th over - 0 runs, 1 hit, 0 errors, 0 left on base; Aberdeen 0 - Chicago (NYP) 0 |
TOP OF THE 8TH |
Aberdeen Ironbirds batting - Pitching for Chicago (NYP) White Sox : RHP Jorge Aranda
|
Batting: RHB Fernando Bravo
|
0-0: Called Strike 0-1: Ball 1-1: Swinging Strike 1-2: Strikes out swinging
|
Batting: LHB Tim Mulholland
|
0-0: Swinging Strike 0-1: Called Strike 0-2: Foul Ball, location: 2F 0-2: Strikes out swinging
|
Pitching: LHP Martin Cotado
|
|
Batting: LHB Justin Alworth
|
0-0: Ball 1-0: DOUBLE (Line Drive, 9LM, EV 96.9 MPH)
|
Pitching: RHP Greg Waters
|
|
Batting: RHB Juan Estrada
|
0-0: Foul Ball, location: 2F 0-1: Called Strike 0-2: Foul Ball, location: 2F 0-2: Strikes out looking
|
Top of the 8th over - 0 runs, 1 hit, 0 errors, 1 left on base; Aberdeen 0 - Chicago (NYP) 0 |
BOTTOM OF THE 8TH |
Chicago (NYP) White Sox batting - Pitching for Aberdeen Ironbirds : LHP Vinny Duarte
|
Pitching: RHP Nick Weirick
|
|
Pinch Hitting: LHB Justin Stickney
|
0-0: Ball 1-0: Called Strike 1-1: Foul Ball, location: 2F 1-2: Fly out, F7 (Flyball, 7S, EV 93.1 MPH)
|
Batting: LHB Carlos Ramirez
|
0-0: Ball 1-0: Ground out 5-3 (Groundball, 56S, EV 90.6 MPH)
|
Pinch Hitting: LHB Larry Myers
|
0-0: Called Strike 0-1: Ground out 6-3 (Groundball, 6M, EV 80.6 MPH)
|
Bottom of the 8th over - 0 runs, 0 hits, 0 errors, 0 left on base; Aberdeen 0 - Chicago (NYP) 0 |
TOP OF THE 9TH |
Aberdeen Ironbirds batting - Pitching for Chicago (NYP) White Sox : RHP Greg Waters
|
Now at 3B: Justin Stickney
|
|
Now in RF: Larry Myers
|
|
Pinch Hitting: SHB Hugo Moreno
|
0-0: Ball 1-0: Ground out 6-3 (Groundball, 4, EV 85.0 MPH)
|
Batting: RHB Lee Deason
|
0-0: Ball 1-0: Ball 2-0: Ball 3-0: Foul Ball, location: 2F 3-1: Swinging Strike 3-2: Base on Balls
|
Batting: SHB Tyler Myatt
|
0-0: Ball 1-0: Ball 2-0: Reached on error, E1 (Groundball, P, EV 43.8 MPH) Lee Deason to second
|
Batting: SHB Jorge Brito
|
0-0: Called Strike 0-1: Called Strike 0-2: Ball 1-2: Strikes out looking
|
Batting: RHB Jeremy Sipe
|
0-0: Ball Passed Ball! Lee Deason to third Tyler Myatt to second 1-0: Intentional Walk
|
Batting: RHB Fernando Bravo
|
0-0: Ball 1-0: SINGLE (Groundball, 25, EV 61.2 MPH) (infield hit) Lee Deason scores Tyler Myatt to third Jeremy Sipe to second
|
Batting: LHB Tim Mulholland
|
0-0: SINGLE (Groundball, 56S, EV 68.1 MPH) (infield hit) Tyler Myatt scores Jeremy Sipe to third Fernando Bravo to second
|
Batting: LHB Justin Alworth
|
0-0: Called Strike 0-1: Ball 1-1: Ball 2-1: TRIPLE (Flyball, 89XD, EV 89.4 MPH) Jeremy Sipe scores Fernando Bravo scores Tim Mulholland scores
|
Pitching: RHP Alexis Trujillo
|
|
Pinch Hitting: LHB Antonio Cantu
|
0-0: Ball 1-0: Ball 2-0: Ball 3-0: Called Strike 3-1: Base on Balls
|
Batting: SHB Hugo Moreno
|
0-0: Ball 1-0: Called Strike 1-1: Swinging Strike 1-2: Foul Ball, location: 2F 1-2: Foul Ball, location: 2F 1-2: Ball 2-2: Ball 3-2: Strikes out swinging
|
Top of the 9th over - 5 runs, 3 hits, 1 error, 2 left on base; Aberdeen 5 - Chicago (NYP) 0 |
BOTTOM OF THE 9TH |
Chicago (NYP) White Sox batting - Pitching for Aberdeen Ironbirds : RHP Nick Weirick
|
Now in LF: Ronnie Cummings
|
|
Now in CF: Antonio Cantu
|
|
Batting: RHB Blake Kelly
|
0-0: Called Strike 0-1: Ball 1-1: Ball 2-1: Called Strike 2-2: Foul Ball, location: 2F 2-2: Foul Ball, location: 2F 2-2: Strikes out swinging
|
Batting: LHB Adam Tarbutton
|
0-0: Called Strike 0-1: Ball 1-1: Reached on error, E4 (Groundball, 4, EV 84.4 MPH)
|
Batting: RHB Mark Jones
|
0-0: Called Strike 0-1: Foul Ball, location: 2F 0-2: Grounds into double play, 5-4-3 (Groundball, 56, EV 102.5 MPH)
|
Bottom of the 9th over - 0 runs, 0 hits, 1 error, 0 left on base; Aberdeen 5 - Chicago (NYP) 0 |
|